 Dungeon Sprint DCSS version 0.30-a0-359-gd0147acb1a (webtiles) character file.

Game seed: 17719507474051316778

18 opdollar the Vexing (level 2, 24/24 HPs)
             Began as a Gnoll Hexslinger on Nov 11, 2022.
             Quit the game in the Dungeon (Sprint VII: "The Pits").
             The game lasted 00:01:50 (286 turns).

opdollar the Vexing (Gnoll Hexslinger)               Turns: 286, Time: 00:01:51

Health: 24/24      AC:  2    Str:  9    XL:     2   Next: 66%
Magic:  6/6        EV: 13    Int: 12    God:
Gold:   0          SH:  0    Dex: 12    Spells: 6/7 levels left

rFire   . . .      SeeInvis .    a - +1 sling
rCold   . . .      Faith    .    (no shield)
rNeg    . . .      Spirit   .    c - +0 robe
rPois   .          Reflect  .    (no helmet)
rElec   .          Harm     .    (no cloak)
rCorr   .          Rampage  .    (no gloves)
Will    .....      NoTele   +    (no boots)
Stlth   ++........               (no amulet)
HPRegen 0.24/turn                (no ring)
MPRegen 0.10/turn                (no ring)

@: no status effects
A: fangs 1, strong nose, distributed training
a: no special abilities


You were in the Dungeon.
You visited 1 branch

Inventory:

Hand Weapons
 a - a +1 sling (weapon)
 o - a +2 vorpal hand axe
Missiles
 n - 10 stones
Armour
 c - a +0 robe (worn)
Scrolls
 b - a scroll of poison
 i - a scroll of blinking
 k - 5 scrolls of amnesia
 l - a scroll of summoning
 m - 2 scrolls of vulnerability
Potions
 d - a potion of curing
 e - a potion of heal wounds
 f - a potion of haste
 g - 4 potions of magic
 h - 3 potions of berserk rage
 j - 2 potions of invisibility


   Skills:
 + Level 3.0 Fighting
 + Level 1.5 Short Blades
 + Level 1.5 Long Blades
 + Level 1.5 Axes
 + Level 1.5 Maces & Flails
 + Level 1.5 Polearms
 + Level 1.5 Staves
 + Level 4.8 Ranged Weapons
 + Level 1.5 Throwing
 + Level 1.5 Armour
 + Level 4.8 Dodging
 + Level 1.5 Stealth
 + Level 1.5 Shields
 + Level 1.5 Unarmed Combat
 + Level 3.2 Spellcasting
 + Level 1.2 Conjurations
 + Level 5.5 Hexes
 + Level 1.2 Summonings
 + Level 1.2 Necromancy
 + Level 1.2 Translocations
 + Level 1.2 Transmutations
 + Level 1.2 Fire Magic
 + Level 1.2 Ice Magic
 + Level 1.2 Air Magic
 + Level 1.2 Earth Magic
 + Level 1.2 Poison Magic
 + Level 1.7 Invocations
 + Level 1.5 Evocations


You had 6 spell levels left.
You knew the following spells:

 Your Spells              Type           Power      Damage    Failure   Level
a - Slow                  Hex            60%        N/A       2%          1

Your spell library contained the following spells:

 Spells                   Type           Power      Damage    Failure   Level
 Inner Flame              Hex/Fire       10%        N/A       19%         3
 Portal Projectile        Hex/Tloc       20%        N/A       19%         3
 Cause Fear               Hex            7%         N/A       24%         4


Dungeon Overview and Level Annotations

Branches:
Dungeon (1/1)

Altars:
Cheibriados
Dithmenos
Elyvilon
Fedhas
Gozag
Hepliaklqana
Makhleb
Nemelex Xobeh
Okawaru
Qazlal
Ru
Sif Muna
Trog
Wu Jian
Xom
Yredelemnul
Zin
The Shining One
Jiyva


Innate Abilities, Weirdness & Mutations

You have very sharp teeth.
Your uncanny sense of smell can sniff out nearby items.
Your experience applies equally to all skills.


Message History

You destroy the ball python zombie!
The jackal bites you. x2
* * * LOW HITPOINT WARNING * * *
You shoot a sling bullet.
The sling bullet closely misses the jackal.
The jackal bites you.
* * * LOW HITPOINT WARNING * * *
The jackal barely misses you.
You shoot a sling bullet.
The sling bullet barely misses the jackal.
The jackal bites you.
* * * LOW HITPOINT WARNING * * *
You shoot a sling bullet.
The sling bullet hits the jackal but does no damage.
The jackal is heavily wounded.
The jackal closely misses you. The jackal bites you.
* * * LOW HITPOINT WARNING * * *
You shoot a sling bullet.
The sling bullet barely misses the jackal.
The jackal bites you but does no damage.
You shoot a sling bullet. The sling bullet hits the jackal.
You kill the jackal!
You see here a jackal corpse.
You start resting.
HP restored.
You start waiting.
Done waiting.
There is an open door, spattered with blood here.
Things that are here:
a jackal corpse; an adder corpse
There is an open door, spattered with blood here.
Things that are here:
a jackal corpse; an adder skeleton You see here a jackal corpse.
There is an open door here.
You open the door.
Found five altars.
Found fourteen altars.
There is an open door to the Temple (Safe) here.
Are you sure you want to abandon this character and quit the game? (Confirm with "yes".)

∆∆∆∆∆∆∆ ∆ ∆∆∆∆∆∆∆
∆∆∆∆∆∆∆ #########
_______.# _______.#
_____..@###########++
##########'##...........
#....')))'.##......#..#
##########.##..........
#...........÷...........
+#####'#####......#..#.
#..#†)#∆∆ #...........
#..†..#∆∆ ####'#####+
#..####∆∆ #.......#


There were no monsters in sight!

Vanquished Creatures
  An adder (D)
  A giant cockroach (D)
  4 jackals (D)
  A ball python zombie (D)
  A bat (D)
  A kobold (D)
9 creatures vanquished.

Notes
Turn   | Place    | Note
-------+----------+-------------------------------------------
     0 | D        | opdollar the Gnoll Hexslinger began the quest for the Orb.
     0 | D        | Reached XP level 1. HP: 17/17 MP: 4/4
    57 | D        | Reached skill level 1 in Invocations
    61 | D        | Reached skill level 1 in Short Blades
    61 | D        | Reached skill level 1 in Long Blades
    61 | D        | Reached skill level 1 in Axes
    61 | D        | Reached skill level 1 in Maces & Flails
    61 | D        | Reached skill level 1 in Polearms
    61 | D        | Reached skill level 1 in Staves
    61 | D        | Reached skill level 1 in Throwing
    61 | D        | Reached skill level 1 in Armour
    61 | D        | Reached skill level 1 in Stealth
    61 | D        | Reached skill level 1 in Shields
    61 | D        | Reached skill level 1 in Unarmed Combat
    61 | D        | Reached skill level 1 in Conjurations
    61 | D        | Reached skill level 1 in Summonings
    61 | D        | Reached skill level 1 in Necromancy
    61 | D        | Reached skill level 1 in Translocations
    61 | D        | Reached skill level 1 in Transmutations
    61 | D        | Reached skill level 1 in Fire Magic
    61 | D        | Reached skill level 1 in Ice Magic
    61 | D        | Reached skill level 1 in Air Magic
    61 | D        | Reached skill level 1 in Earth Magic
    61 | D        | Reached skill level 1 in Poison Magic
    61 | D        | Reached skill level 1 in Evocations
    61 | D        | Reached XP level 2. HP: 20/23 MP: 6/6
   283 | D        | Found a bloodstained altar of Trog.
   283 | D        | Found a shimmering blue altar of Sif Muna.
   283 | D        | Found a viscous altar of Jiyva.
   283 | D        | Found a hazy altar of Hepliaklqana.
   283 | D        | Found an opulent altar of Gozag.
   284 | D        | Found a glowing golden altar of the Shining One.
   284 | D        | Found a glowing silver altar of Zin.
   284 | D        | Found a basalt altar of Yredelemnul.
   284 | D        | Found a shimmering altar of Xom.
   284 | D        | Found an ornate altar of the Wu Jian Council.
   284 | D        | Found a sacrificial altar of Ru.
   284 | D        | Found a stormy altar of Qazlal.
   284 | D        | Found an iron altar of Okawaru.
   284 | D        | Found a sparkling altar of Nemelex Xobeh.
   284 | D        | Found a burning altar of Makhleb.
   284 | D        | Found a blossoming altar of Fedhas.
   284 | D        | Found a white marble altar of Elyvilon.
   284 | D        | Found a shadowy altar of Dithmenos.
   284 | D        | Found a snail-covered altar of Cheibriados.
   286 | D        | Quit the game

Illustrated notes

Levels and vault maps discovered:
D:        pitsprint [storerooms_1, entrance_room_1, metal_vault_1, armoury_1,
          mini_pit_1, grid_room_1, main_hall_1, silver_pit, the_coven_3,
          the_vestibule_1, steel_vault_1, golden_pit, hallway_of_sentries,
          crystal_vault_4, iron_vault_1, final_vault]

Skill      XL: |  1  2 |
---------------+-------+-----
Invocations    | 1 |  1.7
Short Blades   | 1 |  1.5
Long Blades    | 1 |  1.5
Axes           | 1 |  1.5
Maces & Flails | 1 |  1.5
Polearms       | 1 |  1.5
Staves         | 1 |  1.5
Throwing       | 1 |  1.5
Armour         | 1 |  1.5
Stealth        | 1 |  1.5
Shields        | 1 |  1.5
Unarmed Combat | 1 |  1.5
Spellcasting   | 3 |  3.2
Conjurations   | 1 |  1.2
Summonings     | 1 |  1.2
Necromancy     | 1 |  1.2
Translocations | 1 |  1.2
Transmutations | 1 |  1.2
Fire Magic     | 1 |  1.2
Ice Magic      | 1 |  1.2
Air Magic      | 1 |  1.2
Earth Magic    | 1 |  1.2
Poison Magic   | 1 |  1.2
Evocations     | 1 |  1.5
Fighting       | 3 |  3.0
Ranged Weapons | |  4.8
Dodging        | |  4.8
Hexes          | |  5.5

Action                   || total
-------------------------++-------
 Fire: Sling             ||    34
Armor: Robe              ||     8
Dodge: Dodged            ||    43

Table legend: (Time is in decaauts)
 A = Elapsed time spent in this place.
 B = Non-inter-level travel time spent in this place.
 C = Inter-level travel time spent in this place.
 D = Time resting spent in this place.
 E = Time spent auto-exploring this place.
 F = Levels seen in this place.
 G = Mean time per level.
                   A        B        C        D        E       F      G
               +--------+--------+--------+--------+--------+-----+--------+
         Total |    291 |    241 |     50 |    187 |      0 |   1 |  291.0 |
       Dungeon |    291 |    241 |     50 |    187 |      0 |   1 |  291.0 |
               +--------+--------+--------+--------+--------+-----+--------+

Top non-repeatable levels by time:
       D: 291 daAuts
